 Dungeon Crawl Stone Soup version 0.25.1-2-g60ff931df9 (webtiles) character file.

Game seed: 2072598904394726534

1292 hawla the Grasshopper (level 8, 0/85 HPs)
             Began as a Black Draconian Conjurer on Nov 19, 2020.
             Slain by a killer bee (1 damage)
             ... on level 5 of the Dungeon.
             The game lasted 00:14:56 (6345 turns).

hawla the Grasshopper (Black Draconian Conjurer)    Turns: 6345, Time: 00:14:56

Health: 0/85       AC:  6    Str: 18    XL:     8   Next: 30%
Magic:  1/16       EV: 12    Int: 17    God:
Gold:   93         SH:  0    Dex: 11    Spells: 11/18 levels left

rFire    . . .     SeeInvis .   o - +0 quarterstaff
rCold    . . .     Gourm    .   (shield currently unavailable)
rNeg     . . .     Faith    .   (armour unavailable)
rPois    .         Spirit   .   (helmet restricted)
rElec    +         Reflect  .   (no cloak)
rCorr    .         Harm     .   (no gloves)
MR       +....                  (no boots)
Stlth    ..........             (no amulet)
HPRegen  0.24/turn              w - +6 ring of strength
MPRegen  0.15/turn              x - ring of protection from magic

@: berserking, lethally poisoned (0 -> -27), very slightly contaminated, hasted,
very quick
A: breathe lightning, unfitting armour, electricity resistance, cold-blooded, AC
+6
a: Breathe Lightning


You were on level 5 of the Dungeon.
You were very hungry.

You visited 1 branch of the dungeon, and saw 5 of its levels.
You also visited: Sewer.

You collected 138 gold pieces.
You spent 45 gold pieces at shops.

Inventory:

Hand Weapons
 o - a +0 quarterstaff (weapon)
Missiles
 c - a throwing net
 g - 21 poisoned darts (quivered)
Armour
 j - a +0 robe
Jewellery
 w - a +6 ring of strength (left hand)
 x - a ring of protection from magic (right hand)
Wands
 a - a wand of disintegration (7)
 f - a wand of random effects (23)
Scrolls
 l - 2 scrolls of magic mapping
 m - 2 scrolls of fear
 n - a scroll of blinking {unknown}
 p - 2 scrolls of teleportation
 q - a scroll of amnesia
 r - 3 scrolls of remove curse {unknown}
 s - a scroll of enchant armour {unknown}
 v - a scroll of fog {unknown}
Potions
 d - a potion of haste
 e - 2 potions of heal wounds
 i - 6 potions of might {unknown}
 k - 3 potions of flight {unknown}
 t - a potion of stabbing {unknown}
 u - a potion of ambrosia {unknown}
 A - a potion of cancellation
Comestibles
 b - 10 rations
 z - 3 chunks of flesh


   Skills:
 - Level 1.7 Dodging
 - Level 1.7 Stealth
 - Level 5.5 Spellcasting
 + Level 6.1 Conjurations
 + Level 6.8 Translocations


You had 11 spell levels left.
You knew the following spells:

 Your Spells              Type           Power        Failure   Level  Hunger
a - Magic Dart            Conj           ####         1%          1    None
b - Searing Ray           Conj           ####..       1%          2    #......
c - Iskenderun's Mystic   Conj/Tloc      ####....     10%         4    ####...

Your spell library contained the following spells:

 Spells                   Type           Power        Failure   Level  Hunger
 Dazzling Flash           Conj/Hex       ###...       12%         3    ##.....
 Fulminant Prism          Conj/Hex       ###.......   36%         4    ####...


Dungeon Overview and Level Annotations

Branches:
Dungeon (5/15)              Sewer (visited)
 Temple: D:4-7

Altars:
Fedhas
Hepliaklqana
Kikubaaqudgha
Makhleb
Nemelex Xobeh
Trog
Uskayaw
Vehumet
Wu Jian
Xom
Yredelemnul
Zin

Shops:
D:4 ?

Annotations:
D:2 Natasha


Innate Abilities, Weirdness & Mutations

You can breathe wild blasts of lightning.
Your glossy black scales are hard. (AC +6)
You cannot fit into any form of body armour.
You are resistant to electric shocks. (rElec)
You are cold-blooded and may be slowed by cold attacks.


Message History

The killer bee is moderately wounded.
* * * LOW HITPOINT WARNING * * *
You feel sick. The killer bee stings you.
* * * LOW HITPOINT WARNING * * *
The killer bee stings you.
* * * LOW HITPOINT WARNING * * *
You are more poisoned.
The killer bee poisons you! The killer bee stings you.
* * * LOW HITPOINT WARNING * * *
The killer bee stings you but does no damage.
The killer bee stings you.
* * * LOW HITPOINT WARNING * * *
The killer bee barely misses you.
The crimson imp shouts, "Bolt, thou churlish knotty-pated foot-licker!"
You thump the killer bee!
You kill the killer bee!
Training target 5.5 for Spellcasting reached!
* * * LOW HITPOINT WARNING * * *
You feel sick. The killer bee barely misses you. The killer bee stings you.
You die...

'...' #... #...#
#### #...# #####
#.y.# #...< ####
#...# ## #..###
##...# #y..# #..
#
##.....##...##...
#.......#5..#....
####
#......@yy.)'....
#...
#......y#...#....
####
##.....##...##...
##### ##...#
#...###.. ##....
####
#.##..#####..###
#....#...###.###
####...#.# #....
##.##.###....
#)##.....#.#


You could see 3 killer bees and a crimson imp.

Vanquished Creatures
  Sigmund (D:3)
  Eustachio (D:5)
  An ogre (D:5)
  3 big kobolds (Sewer)
  A scorpion (D:4)
  2 killer bees (D:5)
  A crimson imp (D:5)
  A hound (D:4)
  3 orc priests
  An orc wizard (D:5)
  Ijyb (D:4)
  Jessica (D:3)
  A worker ant (D:4)
  Natasha (twice) (D:2)
  A hound zombie (D:5)
  8 gnolls
  7 adders
  A shadow imp (D:5)
  2 oozes
  An adder skeleton (D:4)
  2 worms
  A dart slug (D:4)
  6 orcs
  4 bats
  8 giant cockroaches
  10 goblins
  7 hobgoblins
  A quokka (D:2)
  6 ball pythons
  8 frilled lizards
  9 kobolds
  6 rats
108 creatures vanquished.

Vanquished Creatures (others)
  5 toadstools (D:1)
5 creatures vanquished.

Grand Total: 113 creatures vanquished

Notes
Turn   | Place    | Note
-------+----------+-------------------------------------------
     0 | D:1      | hawla the Draconian Conjurer began the quest for the Orb.
     0 | D:1      | Reached XP level 1. HP: 14/14 MP: 3/3
   381 | D:1      | Reached XP level 2. HP: 20/20 MP: 0/5
   385 | D:1      | Learned a level 2 spell: Searing Ray
  1404 | D:2      | Reached XP level 3. HP: 26/26 MP: 3/7
  1557 | D:2      | Found a sparkling altar of Nemelex Xobeh.
  1622 | D:2      | Noticed Natasha
  1626 | D:2      | Killed Natasha
  1916 | D:2      | Reached XP level 4. HP: 33/33 MP: 8/10
  1922 | D:2      | Learned a level 4 spell: Iskenderun's Mystic Blast
  1992 | D:2      | Reached skill level 1 in Translocations
  2086 | D:2      | Noticed Natasha
  2095 | D:2      | Killed Natasha
  2259 | D:3      | Found a radiant altar of Vehumet.
  2281 | D:3      | Reached XP level 5. HP: 37/38 MP: 3/11
  2318 | D:2      | Noticed Natasha
  2560 | D:3      | Noticed Sigmund
  2576 | D:3      | Killed Sigmund
  2576 | D:3      | Reached XP level 6. HP: 34/45 MP: 2/12
  2695 | D:3      | Reached skill level 5 in Translocations
  2773 | D:3      | Found a glowing drain.
  2783 | Sewer    | Entered a sewer
  3253 | Sewer    | Your scales start taking on a glossy black colour.
  3253 | Sewer    | Reached XP level 7. HP: 38/50 MP: 5/13
  3253 | Sewer    | Gained mutation: You are resistant to electric shocks.
                  | (rElec) [Black Draconian growth]
  3557 | D:3      | Found a hazy altar of Hepliaklqana.
  3559 | D:3      | Found a shimmering altar of Xom.
  3559 | D:3      | Found a bloodstained altar of Trog.
  3559 | D:3      | Found a basalt altar of Yredelemnul.
  3566 | D:3      | Noticed a +0 dagger
  3566 | D:3      | Noticed a +0 hand axe
  3582 | D:3      | Found a hide-covered altar of Uskayaw.
  3633 | D:3      | You fall into a shaft and drop 2 floors!
  3633 | D:5      | Entered Level 5 of the Dungeon
  3893 | D:5      | Noticed Eustachio
  4174 | D:4      | Reached skill level 5 in Conjurations
  4307 | D:3      | Found an ancient bone altar of Kikubaaqudgha.
  4318 | D:3      | Found a blossoming altar of Fedhas.
  4393 | D:3      | Noticed Jessica
  4398 | D:3      | Killed Jessica
  4442 | D:3      | Found an ornate altar of the Wu Jian Council.
  4716 | D:4      | Noticed Ijyb
  4721 | D:4      | Killed Ijyb
  5393 | D:4      | Found Sohuwigu's Magic Scroll Shoppe.
  5396 | D:4      | Bought a scroll of amnesia for 45 gold pieces
  5954 | D:5      | Found a burning altar of Makhleb.
  5959 | D:5      | Found a glowing silver altar of Zin.
  5959 | D:5      | Noticed an angel
  5960 | D:5      | Noticed a balrug
  5994 | D:5      | Killed Eustachio
  5994 | D:5      | Reached skill level 5 in Spellcasting
  5994 | D:5      | Reached XP level 8. HP: 55/57 MP: 3/15
  6344 | D:5      | HP: 3/85 [killer bee (4)]
  6345 | D:5      | HP: 1/85 [poisoned by a killer bee]
  6345 | D:5      | Slain by a killer bee

Illustrated notes

Levels and vault maps discovered:
D:1:      ldierk_walled_garden, layout_basic
D:2:      layout_rooms, lemuel_coloured_pillars_altar, uniq_natasha
D:3:      layout_loops_cross, grunt_temple_overflow_growth_and_decay,
          lemuel_crystal_altar, dancing_weapons_uskayaw, fiery_altar_vehumet,
          grunt_temple_overflow_open, cheibrodos_sewer_entry_drain,
          uniq_sigmund, uniq_jessica
D:4:      layout_loops_corners, serial_shops, kennysheep_mini, uniq_ijyb
D:5:      kennysheep_six_static_rooms, layout_loops_ring,
          grunt_temple_overflow_order_and_chaos_2, lemuel_temple_firewalk_b,
          first_ration, uniq_eustachio

Skill      XL: |  1  2  3  4  5  6  7  8 |
---------------+-------------------------+-----
Spellcasting   | 3 4 5 |  5.5
Translocations | 2 4 5 6 |  6.8
Conjurations   | 5 6 |  6.1
Dodging        | |  1.7
Stealth        | |  1.7

Action                   |  1- 3 |  4- 6 |  7- 9 || total
-------------------------+-------+-------+-------++-------
Melee: Unarmed           |    12 |       |       ||    12
       Tailslap          |     1 |       |     1 ||     2
       Scythe            |       |     3 |    14 ||    17
       Quarterstaff      |       |       |     6 ||     6
 Cast: Magic Dart        |    44 |    30 |    35 ||   109
       Searing Ray       |     9 |    23 |    31 ||    63
       Iskenderun's Myst |       |       |     4 ||     4
  Use: Scroll            |     4 |     1 |     2 ||     7
       Potion            |       |     1 |     2 ||     3
  Eat: Chunk             |     4 |     4 |     7 ||    15
       Ration            |       |       |     1 ||     1
Armor: Skin              |     1 |    16 |    19 ||    36
Dodge: Dodged            |     7 |    27 |    61 ||    95
